 Dungeon Crawl Stone Soup version 0.16.1-51-g6203257 (webtiles) character file.

7 raikaria the Conjurer (level 1, 0/14 HPs)
             Began as a Draconian Conjurer on July 15, 2015.
             Slain by Tukkehaot the big kobold
             ... wielding a +4 short sword of venom
             ... created by the player character
              (5 damage)
             ... on level 1 of the Dungeon.
             The game lasted 00:01:51 (857 turns).

raikaria the Conjurer (Draconian Conjurer)           Turns: 857, Time: 00:01:51

Health: 0/14       AC:  4    Str:  8    XL:     1   Next: 91%
Magic:  0/3        EV: 12    Int: 17    God:
Gold:   8          SH:  0    Dex: 11    Spells: 1 memorised, 3 levels left

rFire  . . .     SeeInvis .     g - +0 dagger
rCold  . . .     Clarity  .     (armour unavailable)
rNeg   . . .     SustAb   .     (no shield)
rPois  .         Gourm    .     (helmet restricted)
rElec  .         Spirit   .     (no cloak)
rCorr  .         Warding  .     (no gloves)
rMut   .         Rnd*Tele +     (no boots)
MR     .....                    (no amulet)
Stlth  +++.......               (no ring)
                                f - ring of stealth

@: lethally poisoned (0 -> -11), not resistant to hostile enchantments, fairly
stealthy
A: unfitting armour, teleportitis 1, cold-blooded, AC +4
a: no special abilities


You were on level 1 of the Dungeon.
You were not hungry.

You visited 1 branch of the dungeon, and saw 3 of its levels.

You collected 8 gold pieces.

Inventory:

Hand weapons
 g - a +0 dagger (weapon)
Jewellery
 f - a ring of stealth (left hand)
Scrolls
 a - a scroll of magic mapping {unknown}
 d - 2 scrolls of identify {unknown}
Potions
 e - a potion of curing {unknown}
 h - a potion of magic {unknown}
Books
 c - a book of Conjurations

   Spells                             Type                      Level
   a - Magic Dart                     Conjuration                  1
   b - Searing Ray                    Conjuration                  2
   c - Dazzling Spray                 Conjuration/Hexes            3
   d - Fulminant Prism                Conjuration/Hexes            4
   e - Iskenderun's Mystic Blast      Conjuration                  4
   f - Iskenderun's Battlesphere      Conjuration/Charms           5
Miscellaneous
 i - a plain deck of wonders {drawn: 5}
Comestibles
 b - a bread ration


   Skills:
 - Level 1.7 Dodging
 - Level 1.7 Stealth
 - Level 2.0 Spellcasting
 + Level 4.4 Conjurations


You had 3 spell levels left.
You knew the following spells:

 Your Spells              Type           Power        Failure   Level  Hunger
a - Magic Dart            Conj           ###.         3%          1    #......


Dungeon Overview and Level Annotations

Branches:
Dungeon (3/15)

Altars:
Nemelex Xobeh


Innate Abilities, Weirdness & Mutations

Your plain brown scales are hard (AC +4).
Your body does not fit into most forms of armour.
Your cold-blooded metabolism reacts poorly to cold.
Space occasionally distorts in your vicinity.


Message History

Casting: Magic Dart
Confirm with . or Enter, or press ? or * to list all spells.
Aiming: Magic Dart
Press: ? - help, Shift-Dir - straight line, f/p - Tukkehaot
Aim: Tukkehaot the big kobold, wielding a short sword of venom and wearing a glowing robe (durably summoned)
The magic dart hits Tukkehaot.
Tukkehaot throws a stone.
The stone barely misses you.
The stone disappears in a puff of smoke!
Casting: Magic Dart
Confirm with . or Enter, or press ? or * to list all spells.
You don't have enough magic to cast that spell.
Unknown command.
Tukkehaot hits you with a short sword of venom.
You are lethally poisoned!
You hit Tukkehaot but do no damage.
You feel sick.
You hit Tukkehaot.
Tukkehaot is lightly wounded.
You feel sick.
Tukkehaot hits you with a short sword of venom.
You die...

########
#......#
#......#
#._....###
#@.......#
#K.......#
#........#
#####....#
#....#
########....#
#...........#
#...........#
#........####


You could see Tukkehaot the big kobold.

Vanquished Creatures
  A goblin (D:2)
  2 hobgoblins (D:1)
  A kobold (D:2)
  4 rats (D:1)
8 creatures vanquished.

Notes
Turn   | Place    | Note
--------------------------------------------------------------
     0 | D:1      | raikaria, the Draconian Conjurer, began the quest for the Orb.
     0 | D:1      | Reached XP level 1. HP: 14/14 MP: 3/3
   840 | D:1      | Found a sparkling altar of Nemelex Xobeh.
   848 | D:1      | Gained mutation: Space occasionally distorts in your vicinity. [helix card]
   849 | D:1      | Drew Focus: Int increased to 16, Str decreased to 9
   850 | D:1      | Drew Focus: Int increased to 17, Str decreased to 8
   851 | D:1      | Noticed Tukkehaot
   857 | D:1      | Slain by Tukkehaot the big kobold

Action                   || total
-------------------------++-------
Melee: Dagger            ||    19
       Unarmed           ||    16
 Cast: Magic Dart        ||    13
Evoke: Deck              ||     5
